 Dungeon Crawl Stone Soup version 0.17-a0-18-gc25b939 (webtiles) character file.

144 Chiseanne the Skirmisher (level 5, -6/59 HPs)
             Began as an Ogre Monk on Mar 11, 2015.
             Mangled by a gnoll
             ... wielding a +0 flail
              (16 damage)
             ... on level 2 of the Dungeon.
             The game lasted 00:06:23 (2897 turns).

Chiseanne the Skirmisher (Ogre Monk)                Turns: 2897, Time: 00:06:23

Health: -6/59      AC:  4    Str: 16    XL:     5   Next: 27%
Magic:  5/5        EV: 11    Int: 10    God:
Gold:   105        SH:  0    Dex: 12    Spells: 0 memorised, 4 levels left

rFire  . . .     SeeInvis .       - Unarmed
rCold  . . .     Clarity  .     a - +0 robe
rNeg   . . .     SustAb   .     (shield restricted)
rPois  +         Gourm    .     (helmet restricted)
rElec  .         Spirit   .     e - +0 cloak
rCorr  .         Warding  .     (gloves unavailable)
rMut   .         Stasis   .     (boots unavailable)
MR     .....                    (no amulet)
Stlth  +++.......               h - ring of poison resistance
                                j - ring of stealth

@: not resistant to hostile enchantments, fairly stealthy
A: unfitting armour, tough skin 1
a: no special abilities


You were on level 2 of the Dungeon.
You were hungry.

You visited 1 branch of the dungeon, and saw 3 of its levels.

You collected 105 gold pieces.

Inventory:

Missiles
 d - 15 sling bullets of flame
 g - 21 arrows
 l - 26 bolts
Armour
 a - a +0 robe (worn)
 e - a +0 cloak (worn)
Jewellery
 h - a ring of poison resistance (right hand)
 j - a ring of stealth (left hand)
Magical devices
 c - a wand of confusion (0)
Potions
 f - a potion of restore abilities
Comestibles
 b - a meat ration
 k - a slice of pizza


   Skills:
 * Level 5.8 Fighting
 * Level 4.3 Dodging
 - Level 1.5 Stealth
 - Level 3.6 Unarmed Combat


You had 4 spell levels left.
You didn't know any spells.

Dungeon Overview and Level Annotations

Branches:
Dungeon (3/15)

Altars:
Elyvilon
Ru
Trog


Innate Abilities, Weirdness & Mutations

You are too large for most types of armour.
You have tough skin (AC +1).


Message History

Evoking this partially-identified wand wasted a few charges.
The gnoll barely misses you.
Evoke which item? (* to show all) (? for menu, Esc to quit)
Zapping:
c - a wand of confusion {zapped: 16} (will waste charges)
Press: ? - help, Shift-Dir - straight line, f/p - gnoll
Aim: a gnoll, wielding a flail (lightly wounded, chance 54%) Nothing appears to happen.
The gnoll hits you with a flail.
* * * LOW HITPOINT WARNING * * *
Evoke which item? (* to show all) (? for menu, Esc to quit)
This wand has no charges.
Unknown command.
Evoke which item? (* to show all) (? for menu, Esc to quit)
Okay, then.
You aren't carrying any spellbooks or scrolls.
You aren't carrying any spellbooks or scrolls.
Unknown command.
You hit the gnoll.
The gnoll is heavily wounded.
The gnoll hits you with a flail!
You die...

########## .........# #########
########.#####.......#
####...........###...#
........<..##### #...#
####.###.#.# ####...#### # #.#
#.#.####.@g>.....# # #.#
#.#..............####
####.###.######............#
...........# ##.#...#####.#
####.#####.# #.#...#####.######
###.#.## #.# #.#...............
...###.###.#####.####.####.######
###.#.>...............# #.### #
##.###)....###.###### #...#


You could see a gnoll.

Vanquished Creatures
  Terence (D:2)
  5 gnolls
  3 adders (D:2)
  A giant mite (D:2)
  2 worms (D:2)
  2 giant cockroaches (D:1)
  7 goblins
  4 hobgoblins
  6 jackals
  A bat (D:1)
  3 giant newts
  8 kobolds
  2 rats (D:1)
45 creatures vanquished.

Notes
Turn   | Place    | Note
--------------------------------------------------------------
     0 | D:1      | Chiseanne, the Ogre Monk, began the quest for the Orb.
     0 | D:1      | Reached XP level 1. HP: 24/24 MP: 1/1
   266 | D:1      | Reached XP level 2. HP: 30/33 MP: 2/2
   784 | D:1      | Reached XP level 3. HP: 29/41 MP: 3/3
   898 | D:2      | Reached skill level 5 in Fighting
  1207 | D:2      | Reached XP level 4. HP: 22/50 MP: 4/4
  1640 | D:2      | Found a sacrificial altar of Ru.
  1793 | D:2      | Found a white marble altar of Elyvilon.
  2323 | D:2      | Found a bloodstained altar of Trog.
  2326 | D:2      | Noticed Terence
  2376 | D:2      | Killed Terence
  2567 | D:2      | Reached XP level 5. HP: 56/59 MP: 5/5
  2897 | D:2      | Mangled by a gnoll

Action                   |  1- 3 |  4- 6 || total
-------------------------+-------+-------++-------
Melee: Unarmed           |   107 |   131 ||   238
Evoke: Wand              |       |     1 ||     1
  Use: Scroll            |       |     7 ||     7
       Potion            |       |     2 ||     2
 Stab: Sleeping          |       |     3 ||     3
  Eat: Chunk             |     1 |     5 ||     6
